 Dungeon Crawl Stone Soup version 0.24.0-37-gcf1ca852f1 (webtiles) character file.

Game seed: 14689267945789368435, levelgen mode: deterministic

351 Froggeryz the Chiller (level 6, 0/49 HPs)
             Began as a Naga Ice Elementalist on Nov 26, 2019.
             Slain by an orc
             ... wielding a +0 war axe
              (4 damage)
             ... on level 4 of the Dungeon.
             The game lasted 00:05:50 (4282 turns).

Froggeryz the Chiller (Naga Ice Elementalist)       Turns: 4282, Time: 00:05:50

Health: 0/49       AC:  4    Str: 11    XL:     6   Next: 61%
Magic:  9/9        EV: 15    Int: 17    God:
Gold:   115        SH:  0    Dex: 16    Spells: 8/9 levels left

rFire    . . .     SeeInvis +   d - +1 dagger (elec)
rCold    . . .     Gourm    .   (no shield)
rNeg     . . .     Faith    .   a - +0 robe
rPois    +         Spirit   .   (no helmet)
rElec    .         Reflect  .   (no cloak)
rCorr    .         Harm     .   f - +0 pair of gloves
MR       .....                  (no barding)
Stlth    ++........             (no amulet)
HPRegen  0.16/turn              b - -2 ring of slaying (curse)
MPRegen  0.11/turn              i - ring of attention (curse)

@: agile, very slow
A: large, see invisible, deformed body, poison resistance, slowness 2, slow
metabolism 1, spit poison 1, AC +2
a: Spit Poison


You were on level 4 of the Dungeon.
You were hungry.

You visited 1 branch of the dungeon, and saw 4 of its levels.

You collected 115 gold pieces.

Inventory:

Hand Weapons
 d - a +1 dagger of electrocution (weapon)
 h - a +0 dagger of venom
 j - a +3 short sword
Missiles
 e - 22 poisoned darts (quivered)
Armour
 a - a +0 robe (worn)
 f - a +0 pair of gloves (worn)
Jewellery
 b - a cursed -2 ring of slaying (left hand)
 i - a cursed ring of attention (right hand)
 l - a +4 ring of strength
Wands
 o - a wand of flame (24)
 p - a wand of polymorph (9)
Scrolls
 g - 2 scrolls of identify
 k - a scroll of amnesia {unknown}
 n - a scroll of teleportation {unknown}
 s - a scroll of magic mapping
 t - 2 scrolls of fear
 u - a scroll of immolation {unknown}
Comestibles
 c - 11 rations
 q - a chunk of flesh


   Skills:
 - Level 1.5 Dodging
 - Level 3.0 Stealth
 - Level 2.0 Spellcasting
   Level 1.0 Conjurations
 + Level 7.2 Ice Magic


You had 8 spell levels left.
You knew the following spells:

 Your Spells              Type           Power        Failure   Level  Hunger
a - Freeze                Ice            ####         1%          1    #......

Your spell library contained the following spells:

 Spells                   Type           Power        Failure   Level  Hunger
 Throw Frost              Conj/Ice       ###...       5%          2    ###....
 Ozocubu's Armour         Chrm/Ice       ##......     13%         3    ###....
 Throw Icicle             Conj/Ice       ###.....     34%         4    #####..
 Summon Ice Beast         Ice/Summ       ##......     41%         4    #####..


Dungeon Overview and Level Annotations

Branches:
Dungeon (4/15)
 Temple: D:4-7

Altars:
The Shining One

Annotations:
D:4 Menkaure


Innate Abilities, Weirdness & Mutations

You cannot wear boots.
Your serpentine skin is tough. (AC +2)
You have supernaturally acute eyesight. (SInv)
Armour fits poorly on your strangely shaped body.
Your system is resistant to poisons. (rPois)
You cover ground very slowly.
You have a slow metabolism.
You can spit poison.


Message History

The puff of flame misses the orc.
The puff of flame hits Menkaure.
Menkaure is burned terribly!
Menkaure is lightly damaged.
The crimson imp closely misses you.
The orc hits you from afar with a +0 trident.
* * * LOW HITPOINT WARNING * * *
Unknown command.
Unknown command.
It was a potion of cancellation.
You feel magically purged. The crimson imp barely misses you.
The orc hits you from afar with a +0 trident.
* * * LOW HITPOINT WARNING * * *
The orc hits you with a +0 war axe.
* * * LOW HITPOINT WARNING * * *
Unknown command.
It was a potion of agility.
You feel agile all of a sudden.
You have got your breath back.
The crimson imp misses you. The orc hits you with a +0 war axe.
You die...

#...... .....#
###...#. #####
....#.#.## #...#
.####.#..### #...#
.# #.##...#####...#
.####...>.......?..#
....>..............#
...............#@5.#
..........######oM.#
........### #o)<#
.......## #o.##
.......# ....
..(.)..# .....
........ .....
......... .......
..........


You could see Menkaure, a crimson imp and 3 orcs.

Vanquished Creatures
  Terence (D:3)
  Jessica (D:2)
  An iguana (D:4)
  Natasha (thrice) (D:3)
  2 worker ants (D:4)
  A hound skeleton (D:4)
  4 adders
  An ooze (D:1)
  3 worms
  3 dart slugs
  3 leopard geckos
  7 orcs
  2 bats (D:1)
  5 giant cockroaches
  10 goblins
  9 hobgoblins
  2 jackals (D:2)
  8 kobolds
  4 frilled lizards
  9 rats
79 creatures vanquished.

Notes
Turn   | Place    | Note
-------+----------+-------------------------------------------
     0 | D:1      | Froggeryz the Naga Ice Elementalist began the quest for the
                  | Orb.
     0 | D:1      | Reached XP level 1. HP: 15/15 MP: 3/3
   258 | D:1      | Reached XP level 2. HP: 22/22 MP: 5/5
   754 | D:1      | Reached skill level 4 in Ice Magic
  1103 | D:1      | Reached XP level 3. HP: 21/28 MP: 6/6
  2030 | D:2      | Reached XP level 4. HP: 26/36 MP: 7/7
  2040 | D:2      | Noticed Jessica
  2053 | D:2      | Killed Jessica
  2053 | D:2      | Reached skill level 5 in Ice Magic
  2725 | D:3      | Noticed Natasha
  2736 | D:3      | Killed Natasha
  2736 | D:3      | Reached XP level 5. HP: 10/42 MP: 6/8
  3048 | D:3      | Noticed Natasha
  3059 | D:3      | Killed Natasha
  3072 | D:3      | Reached skill level 6 in Ice Magic
  3225 | D:3      | Noticed Natasha
  3242 | D:3      | Killed Natasha
  3521 | D:3      | Noticed Terence
  3529 | D:3      | Killed Terence
  3529 | D:3      | Reached XP level 6. HP: 45/49 MP: 4/9
  4085 | D:4      | Found a glowing golden altar of the Shining One.
  4169 | D:4      | Reached skill level 7 in Ice Magic
  4275 | D:4      | Noticed Menkaure
  4282 | D:4      | Slain by an orc

Levels and vault maps discovered:
D:1:      dpeg_arrival_solitude, layout_loops_ring
D:2:      layout_basic, first_ration, minmay_misc_feat_five, uniq_jessica
D:3:      layout_basic, kennysheep_generic_room_8, uniq_terence, uniq_natasha
D:4:      layout_rooms, kiku_gazebo_pond_becter, nicolae_tso_swordbearing_angel,
          minitemple, uniq_menkaure

Skill      XL: |  1  2  3  4  5  6 |
---------------+-------------------+-----
Ice Magic      | 4 5 6 7 |  7.2
Dodging        | |  1.5
Stealth        | |  3.0
Spellcasting   | |  2.0
Conjurations   | |  1.0

Action                   |  1- 3 |  4- 6 || total
-------------------------+-------+-------++-------
Melee: Dagger            |    77 |   143 ||   220
       Short sword       |       |     8 ||     8
Throw: Dart              |       |     1 ||     1
 Cast: Freeze            |    13 |    23 ||    36
 Abil: Spit Poison       |     4 |    14 ||    18
Evoke: Wand              |       |     2 ||     2
  Use: Scroll            |     4 |     2 ||     6
       Potion            |       |     5 ||     5
 Stab: Sleeping          |     5 |       ||     5
  Eat: Chunk             |     3 |     6 ||     9
Armor: Robe              |    13 |    29 ||    42
Dodge: Dodged            |    45 |   102 ||   147
